 Dungeon Crawl Stone Soup version 0.32-a0-675-gdc239d62e1 (webtiles) character file.

Game seed: 5742926886715902717

94 bearlyready the Trooper (level 4, -5/41 HPs)
             Began as a Mountain Dwarf Fighter on Mar 11, 2024.
             Slain by Sigmund
             ... wielding a +7 antimagic scythe
              (8 damage)
             ... on level 3 of the Dungeon.
             The game lasted 00:04:05 (2032 turns).

bearlyready the Trooper (Mountain Dwarf Fighter)    Turns: 2032, Time: 00:04:06

Health: -5/41      AC:  6    Str: 21    XL:     4   Next: 38%
Magic:  2/4        EV:  9    Int:  8    God:
Gold:   256        SH:  0    Dex:  9    Spells: 3/3 levels left

rFire   + + .        a - +0 flail
rCold   + . .        (no shield)
rNeg    . . .        b - +0 scale mail
rPois   .            (no helmet)
rElec   .            s - scarf {rC+ rF+}
rCorr   .            (no gloves)
SInv    .            (no boots)
Will    .....        (no amulet) Stlth
                     r - ring of protection from fire
HPRegen 0.26/turn    (no ring)
MPRegen 0.09/turn

%: no passive effects
@: mighty
A: runic magic, artefact enchanting
a: no special abilities


You were on level 3 of the Dungeon.
You visited 1 branch of the dungeon, and saw 3 of its levels.

You collected 256 gold pieces.

Inventory:

Hand Weapons
 a - a +0 flail (weapon)
Missiles
 g - 45 stones (quivered)
 q - 2 poisoned darts
Armour
 b - a +0 scale mail (worn)
 c - a +0 buckler
 s - a scarf of resistance (worn)
Jewellery
 r - a ring of protection from fire (left hand)
Wands
 m - a wand of iceblast (4)
Scrolls
 e - 4 scrolls of identify {unknown}
 h - 4 scrolls of teleportation {unknown}
 k - 3 scrolls of poison {unknown}
 l - a scroll of torment {unknown}
 o - a scroll of blinking {unknown}
 p - a scroll of fear {unknown}
Potions
 j - a potion of heal wounds {unknown}
 n - a potion of degeneration {unknown}


   Skills:
 + Level 4.7 Fighting
 + Level 4.3 Maces & Flails
 - Level 3.2 Armour
 - Level 3.2 Shields


You had 3 spell levels left.
You didn't know any spells.
Your spell library was empty.

Dungeon Overview and Level Annotations

Branches:
Dungeon (3/15)

Altars:
Dithmenos

Shops:
D:2 :

Annotations:
D:3 Sigmund


Innate Abilities, Weirdness & Mutations

Your spellcasting is much less encumbered by armour.
You can use scrolls of enchantment on lesser artefacts.


Message History

Deactivating autopickup; reactivate with Ctrl-A.
The adder attacks as it pursues you! The adder bites you but does no damage.
The adder bites you but does no damage.
There is an open door here.
The adder attacks as it pursues you! The adder closely misses you.
You hit the adder.
The adder is moderately wounded.
The adder closely misses you. The adder bites you but does no damage.
You closely miss the adder.
The adder is moderately wounded.
The adder bites you but does no damage.
You miss the adder.
The adder is moderately wounded.
The adder barely misses you. The adder bites you but does no damage.
You sock the adder!
You kill the adder!
Something hits you!
You feel your power leaking away.
A ball python comes into view.
The ball python hisses angrily.
Something hits you.
You feel your power leaking away.
You closely miss something. You miss something. Something hits you.
You sock something! Something hits you!
* * * LOW HITPOINT WARNING * * *
You feel very mighty all of a sudden. Something hits you!
* * * LOW HITPOINT WARNING * * *
It was a potion of curing.
You feel better.
You miss something. Something hits you!
* * * LOW HITPOINT WARNING * * *
You feel better. Something hits you.
* * * LOW HITPOINT WARNING * * *
You feel better.
It was a potion of magic.
Magic courses through your body. Something hits you!
* * * LOW HITPOINT WARNING * * *
You feel your power leaking away.
You barely miss something. Something hits you!
You die...

##.......## #.<...#
#.........####....####
+.........+...........
#.........####.....###
##.......## #.......#
##.....## #.......#
##.S.## #.......#
##{## #.#...### #@#
#.#...### #.#
#....)... ##.##
#####.### ##...## #.#
#.....##########.#
##...#...........#
##.##.###########
#.##.# .....#


You could see a ball python.

Vanquished Creatures
  5 adders
  A ribbon worm (D:2)
  A dart slug (D:3)
  3 giant cockroaches (D:2)
  3 goblins
  3 hobgoblins (D:2)
  4 quokkas
  8 ball pythons
  A bat (D:1)
  2 frilled lizards
  10 kobolds
  5 rats
46 creatures vanquished.

Notes
Turn   | Place    | Note
-------+----------+-------------------------------------------
     0 | D:1      | bearlyready the Mountain Dwarf Fighter began the quest for
                  | the Orb.
     0 | D:1      | Reached XP level 1. HP: 19/19 MP: 1/1
   181 | D:1      | Found a faded altar of an unknown god.
   256 | D:1      | Reached XP level 2. HP: 25/26 MP: 2/2
   526 | D:2      | Found a shadowy altar of Dithmenos.
   664 | D:2      | Reached XP level 3. HP: 27/33 MP: 3/3
  1172 | D:2      | Found Usueboma's Book Shop.
  1311 | D:2      | Reached XP level 4. HP: 39/41 MP: 4/4
  2004 | D:3      | Noticed Sigmund
  2026 | D:3      | HP: 1/41 [something (10)]
  2031 | D:3      | HP: 2/41 [something (10)]
  2032 | D:3      | Slain by Sigmund

Illustrated notes

Levels and vault maps discovered:
D:1:      dpeg_arrival_fog, layout_basic, hellmonk_ecumenical_altar_crossroads
D:2:      kb_forest_paths, layout_basic, serial_shops,
          nicolae_shop_advertising_works [nicolae_subvault_shop_adworks],
          basic_altar
D:3:      layout_loops_corners, uniq_sigmund

Skill      XL: |  1  2  3 |
---------------+----------+-----
Maces & Flails | 3 4 |  4.3
Fighting       | 4 |  4.7
Armour         | |  3.2
Shields        | |  3.2

Action                     |  1- 3 |  4- 6 || total
---------------------------+-------+-------++-------
  Melee: Flail             |   151 |    43 ||   194
    Use: Potion            |       |     5 ||     5
 Armour: Scale mail        |   147 |    47 ||   194
  Dodge: Dodged            |    71 |    16 ||    87

Table legend: (Time is in decaauts)
 A = Elapsed time spent in this place.
 B = Non-inter-level travel time spent in this place.
 C = Inter-level travel time spent in this place.
 D = Time resting spent in this place.
 E = Time spent auto-exploring this place.
 F = Levels seen in this place.
 G = Mean time per level.
                   A        B        C        D        E       F      G
               +--------+--------+--------+--------+--------+-----+--------+
         Total |   2074 |   2024 |     50 |      0 |   1577 |   3 |  691.3 |
       Dungeon |   2074 |   2024 |     50 |      0 |   1577 |   3 |  691.3 |
               +--------+--------+--------+--------+--------+-----+--------+

Top non-repeatable levels by time:
     D:2: 1135 daAuts
     D:1: 533 daAuts
     D:3: 405 daAuts
